 Dungeon Crawl Stone Soup version 0.30.1 (webtiles) character file.

Game seed: 1775757127763768256

9839 Graphine the Cleaver (level 11, -8/95 HPs)
             Began as a Hill Orc Fighter on July 5, 2023.
             Was a Priest of Dithmenos.
             Succumbed to a black mamba's poison
             ... on level 1 of the Lair of Beasts.
             The game lasted 00:13:11 (8005 turns).

Graphine the Cleaver (Hill Orc Fighter)             Turns: 8005, Time: 00:13:11

Health: -8/95      AC:  9    Str: 24    XL:     11   Next: 52%
Magic:  19/19      EV: 14    Int: 16    God:    Dithmenos [***...]
Gold:   486        SH:  6    Dex:  6    Spells: 10/10 levels left

rFire   . . .        f - +9 broad axe of Porch {venom, *Rage Int+8 Dex-4}
rCold   . . .        c - +1 buckler
rNeg    . . .        b - +0 scale mail
rPois   .            (no helmet)
rElec   .            (no cloak)
rCorr   .            s - +0 pair of gloves
SInv    +            (no boots)
Will    .....        (no amulet) Stlth
                     e - +5 ring of evasion
HPRegen 0.35/turn    v - ring of see invisible
MPRegen 0.16/turn

%: random rage (20%)
@: lethally poisoned (-8 -> -44), about to teleport, marked, on berserk
cooldown, slowed, wreathed by umbra, very slow
A: no striking features
a: Renounce Religion, Shadow Step


You were on level 1 of the Lair of Beasts.
You worshipped Dithmenos.
Dithmenos was most pleased with you.
You visited 2 branches of the dungeon, and saw 9 of its levels.

You collected 486 gold pieces.

Inventory:

Hand Weapons
 f - the +9 broad axe of Porch (weapon) {venom, *Rage Int+8 Dex-4}
   (You acquired it on level 4 of the Dungeon)

   Int:       It affects your intelligence (+8).
   Dex:       It affects your dexterity (-4).
   *Rage:     It berserks you when you make melee attacks (+20% chance).
 B - a +3 dire flail
Missiles
 r - a throwing net (quivered)
Armour
 b - a +0 scale mail (worn)
 c - a +1 buckler (worn)
 s - a +0 pair of gloves (worn)
Jewellery
 a - a +5 ring of evasion
 e - a +5 ring of evasion (left hand)
 i - a ring of flight
 v - a ring of see invisible (right hand)
Wands
 l - a wand of roots (9)
 w - a wand of quicksilver (3)
Scrolls
 j - 2 scrolls of enchant weapon
 m - 3 scrolls of enchant armour
 o - a scroll of fog
 u - a scroll of magic mapping
 y - a scroll of amnesia
 A - a scroll of poison
 C - 2 scrolls of teleportation
 D - a scroll of noise {unknown}
 E - a scroll of identify
Potions
 d - 3 potions of might
 h - 2 potions of resistance
 k - a potion of lignification {unknown}
 n - a potion of mutation {unknown}
 p - 3 potions of degeneration {unknown}
 q - 2 potions of ambrosia {unknown}
 t - 3 potions of curing
 x - a potion of magic {unknown}
 z - a potion of cancellation {unknown}


   Skills:
 + Level 8.6 Fighting
 * Level 12.4 Axes
 + Level 7.8 Armour
 + Level 7.9 Shields
 * Level 11.3 Invocations
 + Level 5.2 Evocations


You had 10 spell levels left.
You didn't know any spells.
Your spell library contained the following spells:

 Spells                   Type           Power      Damage    Failure   Level
 Freeze                   Ice            0%         1d3       54%         1
 Magic Dart               Conj           0%         1d3       54%         1
 Call Imp                 Summ           0%         N/A       67%         2
 Poisonous Vapours        Pois/Air       0%         N/A       67%         2
 Frozen Ramparts          Ice            0%         1d1       88%         3
 Gell's Gravitas          Tloc           0%         N/A       88%         3
 Hailstorm                Conj/Ice       0%         3d3       88%         3
 Mephitic Cloud           Conj/Pois/Air  0%         N/A       88%         3
 Teleport Other           Tloc           0%         N/A       88%         3
 Summon Lightning Spire   Summ/Air       0%         N/A       99%         4
 Freezing Cloud           Conj/Ice/Air   0%         6-21      100%        5
 Dispersal                Tloc           0%         N/A       100%        6
 Storm Form               Tmut/Air       0%         N/A       100%        7
 Maxwell's Capacitive Co  Air            0%         ∞         100%        8


Dungeon Overview and Level Annotations

Branches:
Dungeon (8/15)             Temple (0/1) D:4            Lair (1/5) D:8

Altars:
Dithmenos
Elyvilon
Fedhas
Ru
Uskayaw
Vehumet
Zin
The Shining One


Message History

The komodo dragon is almost dead.
You miss the black mamba.
You feel very sick.
The black mamba bites you but does no damage.
The black mamba bites you! The komodo dragon bites you!
The black mamba bites you!
You hit the komodo dragon.
The komodo dragon looks as sick as possible!
The komodo dragon is almost dead.
You completely miss the black mamba.
You feel sick. The black mamba misses you.
The black mamba completely misses you. You block the komodo dragon's attack.
The komodo dragon closely misses you.
The black mamba bites you but does no damage.
You closely miss the black mamba.
The black mamba is heavily wounded.
You hit the komodo dragon.
You kill the komodo dragon!
Dithmenos accepts your kill.
You feel sick. The black mamba bites you! The black mamba barely misses you.
The rime drake breathes ice at you. The icy flash freeze hits you!!
* * * LOW HITPOINT WARNING * * *
You are encased in ice.
The black mamba barely misses you.
It was a potion of curing.
You feel better. The black mamba bites you.
* * * LOW HITPOINT WARNING * * *
You are poisoned.
The black mamba poisons you! The rime drake bites you.
* * * LOW HITPOINT WARNING * * *
The black mamba bites you!
* * * LOW HITPOINT WARNING * * *
You are more poisoned.
The black mamba poisons you! The rime drake closely misses you.
The black mamba bites you but does no damage.
Okay, then.
Okay, then.
As you read the scroll of teleportation, it crumbles to dust.
You feel strangely unstable. The ice encasing you melts away.
You die...

##..#.P...#
#....P...# #.......P#
#.......# #......####
##........##...
###†.^......#
#.....##### ##.@.##
##Sk## #l..# ##..##
#...## ##...### ####
####
###.....###..##P#.#
...(................#
.##................##


You could see a black mamba, a basilisk and a rime drake.

Vanquished Creatures
  5 death yaks (D:8)
  6 elephants (Lair:1)
  A black mamba (Lair:1)
  An unseen horror (D:6)
  A rime drake (Lair:1)
  A komodo dragon (Lair:1)
  Prince Ribbit (D:7)
  Sigmund (D:4)
  2 steam dragons (D:5)
  5 yaks (D:8)
  3 water moccasins
  2 ice beasts (D:7)
  An ogre (D:5)
  2 black bears
  A centaur (D:8)
  Blork the orc (D:4)
  2 bullfrogs
  2 scorpions
  5 wights (D:8)
  5 killer bees (D:8)
  4 hounds
  2 jellies
  4 orc priests
  A gnoll bouda (D:6)
  3 iguanas
  9 orc wizards
  9 gnolls
  7 adders
  A shadow imp (D:7)
  An ufetubus (D:5)
  3 worms
  6 dart slugs
  24 orcs
  5 bats
  4 endoplasms
  3 giant cockroaches
  4 hobgoblins (D:1)
  15 jackals
  2 kobolds
  3 quokkas
  6 ball pythons
  3 frilled lizards
  4 goblins
  6 rats
177 creatures vanquished.

Notes
Turn   | Place    | Note
-------+----------+-------------------------------------------
     0 | D:1      | Graphine the Hill Orc Fighter began the quest for the Orb.
     0 | D:1      | Reached XP level 1. HP: 19/19 MP: 1/1
    67 | D:1      | Reached skill level 3 in Axes
    74 | D:1      | Reached XP level 2. HP: 25/27 MP: 2/2
   692 | D:1      | Reached XP level 3. HP: 33/33 MP: 3/3
  1111 | D:2      | Reached skill level 4 in Axes
  1495 | D:2      | Reached XP level 4. HP: 40/40 MP: 4/4
  1810 | D:3      | Reached XP level 5. HP: 40/47 MP: 5/5
  1876 | D:3      | Found a shadowy altar of Dithmenos.
  1998 | D:3      | Found a faded altar of an unknown god.
  2262 | D:3      | Prayed at the altar of an unknown god.
  2262 | D:3      | Became a worshipper of Dithmenos the Shadowed
  2262 | D:3      | Reached * piety under Dithmenos
  2294 | D:4      | Reached skill level 5 in Axes
  2304 | D:4      | Reached skill level 1 in Invocations
  2334 | D:4      | Reached XP level 6. HP: 4/53 MP: 7/7
  2480 | D:4      | Found a staircase to the Ecumenical Temple.
  2580 | D:4      | Found a sacrificial altar of Ru.
  2639 | D:4      | Noticed Blork the orc
  2658 | D:4      | Identified a scroll of acquirement
  2658 | D:4      | Acquired the +9 broad axe of Porch {venom, *Rage Int+8
                  | Dex-4}
  2660 | D:4      | Killed Blork the orc
  2662 | D:4      | Reached skill level 5 in Fighting
  2662 | D:4      | Reached skill level 6 in Axes
  2662 | D:4      | Reached XP level 7. HP: 15/61 MP: 9/9
  2674 | D:4      | Reached ** piety under Dithmenos
  2891 | D:4      | Found a glowing silver altar of Zin.
  2891 | D:4      | Found a white marble altar of Elyvilon.
  2891 | D:4      | Found a glowing golden altar of the Shining One.
  2952 | D:4      | Noticed Sigmund
  2957 | D:4      | Killed Sigmund
  3105 | D:5      | Entered Level 5 of the Dungeon
  3181 | D:5      | Noticed a steam dragon
  3182 | D:5      | Noticed a steam dragon
  3191 | D:5      | Killed a steam dragon
  3192 | D:5      | Reached skill level 5 in Armour
  3195 | D:5      | Killed a steam dragon
  3196 | D:5      | Reached skill level 7 in Axes
  3196 | D:5      | Reached skill level 5 in Shields
  3196 | D:5      | Reached skill level 5 in Invocations
  3196 | D:5      | Reached XP level 8. HP: 8/69 MP: 11/11
  3823 | D:5      | Found a hide-covered altar of Uskayaw.
  4238 | D:6      | Reached skill level 1 in Evocations
  4369 | D:6      | Reached skill level 8 in Axes
  4430 | D:6      | Noticed an unseen horror
  4437 | D:6      | Killed an unseen horror
  4438 | D:6      | Reached XP level 9. HP: 75/75 MP: 13/13
  4948 | D:7      | Found a shimmering altar of Xom.
  4948 | D:7      | Found a shimmering altar of Xom.
  4948 | D:7      | Found a shimmering altar of Xom.
  5243 | D:7      | Found a radiant altar of Vehumet.
  5342 | D:7      | Reached skill level 9 in Axes
  5527 | D:7      | Reached *** piety under Dithmenos
  5605 | D:7      | Noticed Prince Ribbit
  5620 | D:7      | Killed Prince Ribbit
  5814 | D:7      | Noticed a spark wasp
  5815 | D:7      | Found a shimmering altar of Xom.
  5815 | D:7      | Found a shimmering altar of Xom.
  5815 | D:7      | Noticed a cane toad
  5838 | D:7      | Noticed a queen bee
  5893 | D:7      | Found a blossoming altar of Fedhas.
  6077 | D:7      | Noticed a steelbarb worm
  6078 | D:7      | Noticed a death yak
  6754 | D:8      | Noticed a death yak
  6765 | D:8      | Killed a death yak
  6766 | D:8      | Reached skill level 10 in Axes
  6766 | D:8      | Reached XP level 10. HP: 55/86 MP: 16/16
  6772 | D:8      | Noticed a death yak
  6775 | D:8      | Noticed a death yak
  6775 | D:8      | Found a staircase to the Lair.
  6775 | D:8      | Noticed a death yak
  6775 | D:8      | Noticed a death yak
  6782 | D:8      | Killed a death yak
  6785 | D:8      | Killed a death yak
  6788 | D:8      | Killed a death yak
  6789 | D:8      | Reached skill level 11 in Axes
  6792 | D:8      | Killed a death yak
  6793 | D:8      | Reached skill level 10 in Invocations
  7233 | D:8      | Noticed a cyan ugly thing
  7233 | D:8      | Noticed a white ugly thing
  7233 | D:8      | Found the +6 Majin-Bo {spellvamp, MP+6 Int+6}
  7233 | D:8      | Noticed a centaur warrior
  7234 | D:8      | Noticed a boulder beetle
  7235 | D:8      | Noticed a six-headed hydra
  7510 | D:8      | Reached XP level 11. HP: 94/94 MP: 18/18
  7738 | Lair:1   | Entered Level 1 of the Lair of Beasts
  7748 | Lair:1   | Reached skill level 12 in Axes
  7751 | Lair:1   | Reached skill level 5 in Evocations
  8004 | Lair:1   | HP: 4/95 [black mamba (9)]
  8005 | Lair:1   | Succumbed to a black mamba's poison

Illustrated notes

Levels and vault maps discovered:
D:1:      wander_arrival_chamber, layout_basic
D:2:      layout_basic
D:3:      layout_rooms, lemuel_crystal_altar, basic_ecumenical_altar,
          grunt_ministairs_10
D:4:      layout_rooms, dreamdust_divine_triumvirate,
          nicolae_ru_great_annihilating_truth, minmay_temple_entry_large_hall,
          uniq_blork_the_orc, uniq_sigmund
D:5:      kennysheep_steamy, layout_loops_ring,
          mainiacjoe_overflow_cross_hatched
D:6:      layout_loops_ring
D:7:      layout_layer_cave, lemuel_doored_altar, nicolae_vehumet_altar_sigil,
          xom_shifter_show, minmay_misc_feat_tower,
          nicolae_elevator_lobby_asterisk, uniq_prince_ribbit1
D:8:      layout_basic, dpeg_lair_monsters, minivault_12
Lair:1:   layout_layer_cave

Skill      XL: |  1  2  3  4  5  6  7  8  9 10 11 |
---------------+----------------------------------+-----
Axes           | 3 4 5 6 7 8 10 11 12 | 12.4
Fighting       | 4 5 6 7 8 |  8.6
Armour         | 4 5 6 7 |  7.8
Shields        | 4 5 6 7 |  7.9
Invocations    | 1 3 5 6 8 10 11 | 11.3
Evocations     | 1 3 4 5 |  5.2

Action                     |  1- 3 |  4- 6 |  7- 9 | 10-12 || total
---------------------------+-------+-------+-------+-------++-------
  Melee: War axe           |    71 |    99 |       |       ||   170
         Broad axe         |       |     2 |   149 |    78 ||   229
    Use: Scroll            |     3 |     5 |     8 |     1 ||    17
         Potion            |       |     2 |     1 |     3 ||     6
   Stab: Paralysed         |       |     1 |       |       ||     1
 Armour: Scale mail        |    22 |    27 |    39 |    20 ||   108
  Dodge: Dodged            |    37 |    77 |   112 |    55 ||   281
  Block: Buckler           |    13 |    27 |    22 |    26 ||    88
